 Dungeon Crawl Stone Soup version 0.26.0-3-g156281e41b (webtiles) character file.

Game seed: 2534317487969092383

70 iamyoyoman the Gusty (level 4, -1/24 HPs)
             Began as a Tengu Air Elementalist on Jan 9, 2021.
             Shot with a stone by a goblin (5 damage)
             ... led by Robin
             ... on level 2 of the Dungeon.
             The game lasted 00:06:27 (1485 turns).

iamyoyoman the Gusty (Tengu Air Elementalist)       Turns: 1485, Time: 00:06:28

Health: -1/24      AC:  2    Str:  8    XL:     4   Next: 22%
Magic:  0/8        EV: 12    Int: 17    God:
Gold:   39         SH:  0    Dex: 14    Spells: 6/7 levels left

rFire    . . .     SeeInvis +   c - +0 short sword
rCold    . . .     Faith    .   (no shield)
rNeg     . . .     Spirit   .   a - +0 robe
rPois    .         Reflect  .   (helmet restricted)
rElec    .         Harm     .   (no cloak)
rCorr    .         Rampage  .   (no gloves)
Will     .....                  (boots unavailable)
Stlth    ++........             (no amulet)
HPRegen  0.08/turn              b - ring of see invisible
MPRegen  0.11/turn              (no ring)

@: no status effects
A: beak, talons 3
a: no special abilities


You were on level 2 of the Dungeon.
You visited 1 branch of the dungeon, and saw 2 of its levels.

You collected 39 gold pieces.

Inventory:

Hand Weapons
 c - a +0 short sword (weapon)
Armour
 a - a +0 robe (worn)
Jewellery
 b - a ring of see invisible (left hand)
Scrolls
 d - a scroll of magic mapping {unknown}
 e - a scroll of fog {unknown}
Potions
 f - a potion of flight {unknown}
 g - a potion of cancellation {unknown}
 h - a potion of curing {unknown}


   Skills:
 - Level 2.1 Dodging
 - Level 2.0 Stealth
 - Level 2.0 Spellcasting
 + Level 2.5 Conjurations
 + Level 6.1 Air Magic


You had 6 spell levels left.
You knew the following spells:

 Your Spells              Type           Power        Failure   Level
a - Shock                 Conj/Air       64%          3%          1

Your spell library contained the following spells:

 Spells                   Type           Power        Failure   Level
 Swiftness                Air            22%          2%          2
 Static Discharge         Conj/Air       16%          10%         3
 Airstrike                Air            11%          16%         4
 Lightning Bolt           Conj/Air       8%           65%         5


Dungeon Overview and Level Annotations

Branches:
Dungeon (2/15)

Altars:


Innate Abilities, Weirdness & Mutations

You have a beak for a mouth.
You have claws for feet.


Message History

Confirm with . or Enter, or press ? or * to list all spells.
Aiming: Shock (safe; 3% risk of failure)
Press: ? - help, Shift-Dir - straight line, f - goblin, p - Robin
Aim: a goblin, wielding a +0 club (strong, 36% to evade)
The zap hits the goblin.
You kill the goblin!
The zap hits Robin.
You kill Robin!
The goblin no longer looks unusually strong.
You barely miss the goblin. You claw the goblin.
You kill the goblin!
The goblin shouts!
The goblin no longer looks unusually strong.
Things that are here:
a stone; a dagger You hit the hobgoblin but do no damage.
You peck the hobgoblin.
The hobgoblin is almost dead.
The goblin barely misses you.
The goblin wields a +0 hunting sling.
The goblin shoots a stone.
The stone hits you.
You die...

########## #. ........## #.
#........# #.. #.........
#..###.g....(..
....#.@.......
##.#.#.g......#
#..#.#).......#
#....(.......##
#....†)........
#...gw.........
#.g..(################# #
##g#(.)...............#.
#g.##.#†#......#.#.#####.#.


You could see a worm, 2 hobgoblins and 3 goblins.

Vanquished Creatures
  Robin (D:2)
  2 adders (D:2)
  A worm (D:2)
  A dart slug (D:1)
  3 leopard geckos
  2 giant cockroaches (D:1)
  8 goblins
  2 hobgoblins (D:1)
  7 kobolds
  A bat (D:2)
  A frilled lizard (D:1)
  5 rats (D:1)
34 creatures vanquished.

Notes
Turn   | Place    | Note
-------+----------+-------------------------------------------
     0 | D:1      | iamyoyoman the Tengu Air Elementalist began the quest for
                  | the Orb.
     0 | D:1      | Reached XP level 1. HP: 10/10 MP: 4/4
   216 | D:1      | Reached XP level 2. HP: 9/15 MP: 1/6
   519 | D:1      | Reached skill level 5 in Air Magic
  1057 | D:2      | Reached XP level 3. HP: 19/19 MP: 4/7
  1463 | D:2      | Noticed Robin
  1472 | D:2      | Reached skill level 6 in Air Magic
  1472 | D:2      | Reached XP level 4. HP: 24/24 MP: 2/8
  1482 | D:2      | Killed Robin
  1485 | D:2      | Shot with a stone by a goblin

Illustrated notes

Levels and vault maps discovered:
D:1:      saegor_arrival_simple_a, layout_basic, corexii_hall_statues_i
D:2:      layout_basic, uniq_robin

Skill      XL: |  1  2  3 |
---------------+----------+-----
Air Magic      | 5 6 |  6.1
Conjurations   | 2 |  2.5
Dodging        | |  2.1
Stealth        | |  2.0
Spellcasting   | |  2.0

Action                   |  1- 3 |  4- 6 || total
-------------------------+-------+-------++-------
Melee: Unarmed           |     3 |       ||     3
       Short sword       |    29 |     3 ||    32
       Kick              |     7 |     1 ||     8
       Peck              |     3 |     1 ||     4
 Cast: Shock             |    51 |     3 ||    54
 Stab: Sleeping          |     1 |       ||     1
Armor: Robe              |     4 |     1 ||     5
Dodge: Dodged            |    19 |     5 ||    24
